General information
			
			
        
        - name: BNet
 
        - type: Ladder team game (AT/RT)
 
        - host: Battle.net
 
        - saver: AsianPresident
 
        
map: GoldRush 
        - players: 8
 
        - length: 22:40
 
        - speed: Fast
 - version: 1.22 W3XP
 - replay type:  Public
 
» download(210 KB)
Players
        team 1 (winner) 
              
              
» 
OnE.A (
red | 96 APM | 2176 actions | 22:40)
              
 5 Demon Hunter 
 3 Mana Burn
 2 Evasion
 4 Warden 
 2 Fan of Knives
 2 Blink
 3 Pandaren Brewmaster 
 2 Breath of Fire
 1 Drunken Brawler
 
                » actions 
                
                | Assign group hotkey | 37 |  | 
| Basic commands | 43 |  | 
| Build / train | 106 |  | 
| ESC pressed | 3 |  | 
| Enter build submenu | 23 |  | 
| Enter hero's abilities submenu | 12 |  | 
| Right click | 839 |  | 
| Select / deselect | 404 |  | 
| Select group hotkey | 620 |  | 
| Use ability | 89 |  | 
                2176 total
 » units 
                
                | Wisp | 25 |  | 
| Archer | 7 |  | 
| Hippogryph | 12 |  | 
| Druid of the Talon | 7 |  | 
                51 total
 » upgrades
                
                | Ultravision | 1 |  | 
| Strength of the Moon | 2 |  | 
| Strength of the Wild | 3 |  | 
| Improved Bows | 1 |  | 
| Nature's Blessing | 1 |  | 
| Hippogryph Taming | 1 |  | 
| Moon Armor | 1 |  | 
| Reinforced Hides | 2 |  | 
| Druid of the Talon Training | 2 |  | 
| Marksmanship | 1 |  | 
| Well Spring | 1 |  | 
| Mark of the Talon | 1 |  | 
                17 total
 » buildings
                
                | Altar of Elders | 1 |  | 
| Moon Well | 6 |  | 
| Hunter's Hall | 2 |  | 
| Ancient of Wonders | 1 |  | 
| Tree of Ages | 1 |  | 
| Tree of Life | 1 |  | 
| Ancient of War | 2 |  | 
| Ancient of Wind | 3 |  | 
| Tree of Eternity | 1 |  | 
                18 total
 » build order
                00:06 Altar of Elders
00:17 Moon Well
01:28 Moon Well
01:44 Hunter's Hall
02:15 Ancient of Wonders
02:38 Hunter's Hall
03:09 Moon Well
03:13 Moon Well
03:41 Tree of Ages
03:56 Tree of Life
04:47 Moon Well
04:49 Moon Well
06:10 Ancient of War
06:13 Ancient of War
06:28 Ancient of Wind
06:33 Ancient of Wind
10:20 Tree of Eternity
16:10 Ancient of Wind
» items
                
                | Moonstone | 2 |  | 
| Boots of Speed | 4 |  | 
| Staff of Preservation | 2 |  | 
| Staff of Teleportation | 1 |  | 
| Lesser Clarity Potion | 3 |  | 
| Periapt of Vitality | 1 |  | 
| Orb of Venom | 2 |  | 
| Potion of Healing | 2 |  | 
                17 total
  
               
              
              
» 
AsianPresident (
purple | 124 APM | 2802 actions | 22:40)
              
 7 Demon Hunter 
 3 Mana Burn
 3 Evasion
 1 Metamorphosis
 
                » actions 
                
                | Assign group hotkey | 19 |  | 
| Basic commands | 178 |  | 
| Build / train | 89 |  | 
| ESC pressed | 10 |  | 
| Enter build submenu | 32 |  | 
| Enter hero's abilities submenu | 7 |  | 
| Give item / drop item | 3 |  | 
| Right click | 1291 |  | 
| Select / deselect | 577 |  | 
| Select group hotkey | 504 |  | 
| Use ability | 92 |  | 
                2802 total
 » units 
                » upgrades
                
                | Strength of the Wild | 3 |  | 
| Corrosive Breath | 1 |  | 
| Reinforced Hides | 2 |  | 
| Well Spring | 1 |  | 
                7 total
 » buildings
                
                | Altar of Elders | 1 |  | 
| Moon Well | 7 |  | 
| Ancient of War | 1 |  | 
| Tree of Life | 3 |  | 
| Tree of Ages | 1 |  | 
| Hunter's Hall | 1 |  | 
| Ancient of Wonders | 2 |  | 
| Ancient of Wind | 1 |  | 
| Tree of Eternity | 1 |  | 
| Ancient Protector | 9 |  | 
| Chimaera Roost | 3 |  | 
                30 total
 » build order
                00:04 Altar of Elders
00:09 Moon Well
00:54 Ancient of War
01:31 Moon Well
02:52 Moon Well
03:04 Tree of Life
03:43 Tree of Ages
04:08 Hunter's Hall
04:27 Tree of Life
04:50 Ancient of Wonders
06:49 Ancient of Wind
07:07 Tree of Eternity
07:22 Ancient Protector
07:44 Moon Well
08:39 Ancient Protector
09:29 Chimaera Roost
09:29 Chimaera Roost
09:30 Chimaera Roost
09:58 Ancient Protector
10:00 Ancient Protector
10:04 Ancient Protector
10:34 Ancient Protector
12:27 Moon Well
12:29 Ancient Protector
12:31 Ancient Protector
14:24 Ancient of Wonders
15:30 Ancient Protector
17:50 Tree of Life
19:31 Moon Well
22:35 Moon Well
» items
                
                | Scroll of Town Portal | 5 |  | 
| Boots of Speed | 1 |  | 
| Periapt of Vitality | 1 |  | 
| Healing Salve | 1 |  | 
| Orb of Venom | 1 |  | 
| Potion of Healing | 3 |  | 
| Scroll of Healing | 1 |  | 
                13 total
  
               
              
              
» 
TedTurner (
green | 39 APM | 878 actions | 22:40)
              
 5 Death Knight 
 2 Death Coil
 3 Unholy Aura
 4 Lich 
 2 Frost Armor
 2 Frost Nova
 2 Pit Lord 
 1 Howl of Terror
 1 Rain of Fire
 
                » actions 
                
                | Assign group hotkey | 25 |  | 
| Basic commands | 15 |  | 
| Build / train | 69 |  | 
| Enter build submenu | 18 |  | 
| Enter hero's abilities submenu | 12 |  | 
| Right click | 343 |  | 
| Select / deselect | 197 |  | 
| Select group hotkey | 154 |  | 
| Use ability | 45 |  | 
                878 total
 » units 
                
                | Acolyte | 9 |  | 
| Ghoul | 3 |  | 
| Crypt Fiend | 20 |  | 
| Obsidian Statue | 1 |  | 
| Frost Wyrm | 1 |  | 
                34 total
 » upgrades
                
                | Creature Attack | 3 |  | 
| Creature Carapace | 3 |  | 
| Web | 1 |  | 
| Freezing Breath | 1 |  | 
                8 total
 » buildings
                
                | Crypt | 1 |  | 
| Altar of Darkness | 1 |  | 
| Ziggurat | 6 |  | 
| Graveyard | 1 |  | 
| Nerubian Tower | 2 |  | 
| Tomb of Relics | 1 |  | 
| Halls of the Dead | 1 |  | 
| Spirit Tower | 2 |  | 
| Slaughterhouse | 2 |  | 
| Black Citadel | 1 |  | 
| Sacrificial Pit | 1 |  | 
| Boneyard | 1 |  | 
                20 total
 » build order
                00:24 Crypt
00:28 Altar of Darkness
00:43 Ziggurat
01:15 Graveyard
01:45 Ziggurat
02:16 Nerubian Tower
02:32 Ziggurat
04:05 Tomb of Relics
04:55 Halls of the Dead
06:50 Ziggurat
07:03 Spirit Tower
07:37 Slaughterhouse
07:39 Black Citadel
10:18 Sacrificial Pit
11:40 Ziggurat
13:18 Boneyard
15:06 Ziggurat
16:43 Nerubian Tower
17:10 Spirit Tower
21:27 Slaughterhouse
» items
                
                | Scroll of Town Portal | 4 |  | 
| Orb of Corruption | 2 |  | 
| Orb of Venom | 1 |  | 
                7 total
  
               
              
              
qqsauce (
pink | 98 APM | 2215 actions | 22:40)
              
 6 Far Seer 
 3 Feral Spirit
 2 Chain Lighting
 1 Earth Quake
 5 Tauren Chieftain 
 3 Shockwave
 2 Endurance Aura
 2 Pandaren Brewmaster 
 1 Breath of Fire
 1 Drunken Brawler
 
                » actions 
                
                | Assign group hotkey | 271 |  | 
| Basic commands | 180 |  | 
| Build / train | 85 |  | 
| ESC pressed | 6 |  | 
| Enter build submenu | 28 |  | 
| Enter hero's abilities submenu | 13 |  | 
| Give item / drop item | 2 |  | 
| Right click | 845 |  | 
| Select / deselect | 265 |  | 
| Select group hotkey | 382 |  | 
| Use ability | 138 |  | 
                2215 total
 » units 
                
                | Peon | 16 |  | 
| Grunt | 4 |  | 
| Troll Batrider | 2 |  | 
| Troll Witch Doctor | 4 |  | 
| Wind Rider | 7 |  | 
| Spirit Walker | 2 |  | 
| Raider | 1 |  | 
                36 total
 » upgrades
                
                | Spirit Walker Training | 2 |  | 
| Ensnare | 1 |  | 
                3 total
 » buildings
                
                | Altar of Storms | 2 |  | 
| Orc Burrow | 3 |  | 
| Barracks | 1 |  | 
| Stronghold | 1 |  | 
| Voodoo Lounge | 1 |  | 
| Great Hall | 8 |  | 
| War Mill | 1 |  | 
| Beastiary | 2 |  | 
| Spirit Lodge | 1 |  | 
| Fortress | 2 |  | 
| Watch Tower | 6 |  | 
                28 total
 » build order
                00:04 Altar of Storms
00:07 Altar of Storms
00:18 Orc Burrow
00:35 Barracks
01:36 Orc Burrow
02:57 Stronghold
03:13 Voodoo Lounge
04:35 Great Hall
05:01 Orc Burrow
05:03 War Mill
06:28 Beastiary
06:30 Spirit Lodge
06:59 Great Hall
11:36 Fortress
11:36 Fortress
17:06 Beastiary
17:10 Great Hall
18:01 Great Hall
18:03 Great Hall
18:06 Great Hall
18:13 Great Hall
19:17 Great Hall
22:16 Watch Tower
22:19 Watch Tower
22:20 Watch Tower
22:22 Watch Tower
22:38 Watch Tower
22:39 Watch Tower
» items
                
                | Healing Salve | 5 |  | 
| Boots of Speed | 2 |  | 
| Scroll of Speed | 1 |  | 
| Potion of Healing | 1 |  | 
| Lesser Clarity Potion | 1 |  | 
| Dust of Appearance | 3 |  | 
| Scroll of Town Portal | 1 |  | 
| Potion of Lesser Invulnerability | 1 |  | 
                15 total
  
               team 2 (loser) 
              
              
Melfice66 (
yellow | 114 APM | 2577 actions | 22:39)
              
 4 Blademaster 
 2 Wind Walk
 2 Critical Strike
 3 Shadow Hunter 
 2 Healing Wave
 1 Hex
 
                » actions 
                
                | Assign group hotkey | 28 |  | 
| Basic commands | 35 |  | 
| Build / train | 79 |  | 
| Enter build submenu | 20 |  | 
| Enter hero's abilities submenu | 7 |  | 
| Give item / drop item | 3 |  | 
| Right click | 1506 |  | 
| Select / deselect | 266 |  | 
| Select group hotkey | 514 |  | 
| Use ability | 119 |  | 
                2577 total
 » units 
                
                | Peon | 10 |  | 
| Grunt | 8 |  | 
| Raider | 9 |  | 
| Kodo Beast | 1 |  | 
| Troll Batrider | 10 |  | 
                38 total
 » upgrades
                
                | Berserker Strength | 2 |  | 
| Ensnare | 1 |  | 
| Pillage | 1 |  | 
                4 total
 » buildings
                
                | Altar of Storms | 1 |  | 
| Orc Burrow | 8 |  | 
| Barracks | 1 |  | 
| Voodoo Lounge | 1 |  | 
| Stronghold | 2 |  | 
| War Mill | 1 |  | 
| Beastiary | 4 |  | 
                18 total
 » build order
                00:11 Altar of Storms
00:19 Orc Burrow
00:56 Barracks
01:27 Voodoo Lounge
01:55 Orc Burrow
03:22 Orc Burrow
03:58 Stronghold
05:06 War Mill
05:08 Orc Burrow
06:30 Beastiary
06:35 Beastiary
16:14 Orc Burrow
16:47 Orc Burrow
16:49 Orc Burrow
17:12 Orc Burrow
17:42 Beastiary
17:45 Beastiary
» items
                
                | Lesser Clarity Potion | 3 |  | 
| Scroll of Speed | 1 |  | 
| Healing Salve | 4 |  | 
| Potion of Healing | 2 |  | 
| Boots of Speed | 1 |  | 
| Scroll of Protection | 1 |  | 
| Potion of Mana | 1 |  | 
                13 total
  
               
              
              
kabeth (
orange | 50 APM | 1129 actions | 22:34)
              
 4 Archmage 
 2 Summon Water Elemental
 2 Brilliance Aura
 3 Paladin 
 2 Holy Light
 1 Divine Shield
 
                » actions 
                
                | Basic commands | 74 |  | 
| Build / train | 92 |  | 
| Enter build submenu | 33 |  | 
| Enter hero's abilities submenu | 7 |  | 
| Remove unit from queue | 3 |  | 
| Right click | 406 |  | 
| Select / deselect | 433 |  | 
| Use ability | 81 |  | 
                1129 total
 » units 
                
                | Peasant | 17 |  | 
| Footman | 12 |  | 
| Priest | 8 |  | 
| Knight | 8 |  | 
| Mortar Team | 4 |  | 
| Siege Engine | 8 |  | 
                57 total
 » upgrades
                
                | Plating | 3 |  | 
| Swords | 3 |  | 
| Lumber Harvesting | 2 |  | 
| Animal War Training | 2 |  | 
| Barrage | 1 |  | 
| Masonry | 3 |  | 
| Armor | 1 |  | 
| Gunpowder | 1 |  | 
                16 total
 » buildings
                
                | Farm | 13 |  | 
| Altar of Kings | 1 |  | 
| Barracks | 1 |  | 
| Town Hall | 5 |  | 
| Keep | 1 |  | 
| Blacksmith | 1 |  | 
| Castle | 1 |  | 
| Lumber Mill | 1 |  | 
| Arcane Sanctum | 1 |  | 
| Workshop | 2 |  | 
| Arcane Vault | 1 |  | 
| Scout Tower | 6 |  | 
| Guard Tower | 2 |  | 
                36 total
 » build order
                00:06 Farm
00:09 Altar of Kings
01:18 Barracks
01:23 Farm
01:35 Farm
03:31 Town Hall
04:08 Farm
04:17 Keep
04:41 Farm
04:46 Blacksmith
05:18 Farm
05:58 Farm
06:40 Castle
06:55 Lumber Mill
07:19 Arcane Sanctum
08:10 Workshop
11:17 Workshop
11:53 Farm
11:56 Farm
12:18 Town Hall
12:39 Farm
13:39 Farm
13:41 Farm
14:12 Arcane Vault
14:19 Farm
15:03 Scout Tower
15:05 Scout Tower
15:08 Scout Tower
15:25 Scout Tower
15:42 Guard Tower
16:09 Guard Tower
17:53 Town Hall
17:55 Town Hall
21:12 Town Hall
22:07 Scout Tower
22:09 Scout Tower
» items
                 
               
              
              
peytonmanning18 (
teal | 58 APM | 1284 actions | 22:15)
              
 5 Priestess of the Moon 
 3 Trueshot Aura
 2 Searing Arrows
 3 Keeper of the Grove 
 2 Entangling Roots
 1 Thorns Aura
 
                » actions 
                
                | Assign group hotkey | 35 |  | 
| Build / train | 100 |  | 
| Enter build submenu | 21 |  | 
| Enter hero's abilities submenu | 8 |  | 
| Remove unit from queue | 2 |  | 
| Right click | 481 |  | 
| Select / deselect | 341 |  | 
| Select group hotkey | 252 |  | 
| Use ability | 44 |  | 
                1284 total
 » units 
                
                | Wisp | 28 |  | 
| Archer | 8 |  | 
| Huntress | 2 |  | 
| Hippogryph | 30 |  | 
| Chimaera | 6 |  | 
                74 total
 » upgrades
                
                | Reinforced Hides | 3 |  | 
| Strength of the Wild | 3 |  | 
| Corrosive Breath | 1 |  | 
                7 total
 » buildings
                
                | Moon Well | 8 |  | 
| Altar of Elders | 1 |  | 
| Ancient of War | 1 |  | 
| Hunter's Hall | 1 |  | 
| Tree of Life | 4 |  | 
| Tree of Ages | 1 |  | 
| Tree of Eternity | 1 |  | 
| Ancient of Wind | 2 |  | 
| Chimaera Roost | 2 |  | 
| Ancient of Wonders | 1 |  | 
                22 total
 » build order
                00:05 Moon Well
00:07 Altar of Elders
00:10 Ancient of War
01:42 Moon Well
03:02 Moon Well
03:44 Hunter's Hall
04:24 Tree of Life
05:34 Tree of Ages
06:27 Tree of Life
07:14 Tree of Life
07:18 Moon Well
07:57 Tree of Eternity
08:07 Ancient of Wind
09:29 Moon Well
10:40 Chimaera Roost
10:45 Chimaera Roost
12:27 Moon Well
14:14 Moon Well
14:26 Ancient of Wonders
15:11 Moon Well
17:19 Ancient of Wind
19:40 Tree of Life
» items
                
                | Scroll of Town Portal | 2 |  | 
| Potion of Healing | 2 |  | 
| Orb of Venom | 1 |  | 
                5 total
  
               
              
              
Euler (
blue | 69 APM | 1537 actions | 22:08)
              
 4 Archmage 
 1 Summon Water Elemental
 2 Brilliance Aura
 1 Blizzard
 4 Paladin 
 2 Divine Shield
 2 Holy Light
 3 Mountain King 
 2 Storm Bolt
 1 Bash
 
                » actions 
                
                | Assign group hotkey | 67 |  | 
| Basic commands | 95 |  | 
| Build / train | 78 |  | 
| Enter build submenu | 19 |  | 
| Enter hero's abilities submenu | 11 |  | 
| Give item / drop item | 3 |  | 
| Remove unit from queue | 1 |  | 
| Right click | 365 |  | 
| Select / deselect | 263 |  | 
| Select group hotkey | 531 |  | 
| Use ability | 104 |  | 
                1537 total
 » units 
                
                | Peasant | 16 |  | 
| Footman | 7 |  | 
| Gryphon Rider | 8 |  | 
| Priest | 5 |  | 
| Flying Machine | 5 |  | 
| Spell Breaker | 2 |  | 
                43 total
 » upgrades
                
                | Defend | 1 |  | 
| Lumber Harvesting | 2 |  | 
| Masonry | 1 |  | 
| Animal War Training | 1 |  | 
| Storm Hammers | 1 |  | 
| Armor | 2 |  | 
| Swords | 2 |  | 
| Flak Cannons | 1 |  | 
| Plating | 1 |  | 
                12 total
 » buildings
                
                | Altar of Kings | 1 |  | 
| Farm | 14 |  | 
| Barracks | 2 |  | 
| Town Hall | 3 |  | 
| Keep | 1 |  | 
| Lumber Mill | 1 |  | 
| Arcane Vault | 1 |  | 
| Castle | 1 |  | 
| Gryphon Aviary | 3 |  | 
| Blacksmith | 1 |  | 
| Arcane Sanctum | 2 |  | 
| Workshop | 2 |  | 
                32 total
 » build order
                00:09 Altar of Kings
00:14 Farm
00:15 Farm
00:55 Barracks
01:51 Barracks
02:25 Farm
03:35 Town Hall
04:41 Keep
05:24 Farm
05:25 Farm
05:28 Farm
05:29 Farm
05:33 Lumber Mill
05:46 Arcane Vault
07:06 Castle
07:35 Gryphon Aviary
07:36 Gryphon Aviary
07:36 Gryphon Aviary
07:52 Farm
07:53 Farm
07:54 Farm
07:54 Farm
09:27 Blacksmith
09:54 Farm
09:55 Farm
09:55 Farm
10:20 Arcane Sanctum
10:21 Arcane Sanctum
12:23 Workshop
12:24 Workshop
17:50 Town Hall
18:51 Town Hall
» items
                
                | Orb of Fire | 2 |  | 
| Mechanical Critter | 2 |  | 
| Scroll of Town Portal | 2 |  | 
                6 total
  
                Chat log
          (00:16 / Allies) TedTurner: spiders stats
(05:16 / Allies) OnE.A: purp what are you getting?
(05:18 / Allies) AsianPresident: chim
(05:32 / Allies) OnE.A: i guess i'll hippo
(08:09 / Allies) AsianPresident: help
(09:10 / All) peytonmanning18: lol green
(11:40 / Allies) AsianPresident: help
(11:51 / Allies) qqsauce: straight tech is lose
(11:58 / Allies) AsianPresident: i got chims come
(12:06 / Allies) qqsauce: we will lose before then
(12:09 / Allies) AsianPresident: huh
(13:26 / Allies) AsianPresident: target
(13:26 / Allies) AsianPresident: griffs
(15:25 / Allies) TedTurner: I will tp
(15:31 / Allies) AsianPresident: only if i say
(15:35 / Allies) TedTurner: k
(15:41 / Allies) AsianPresident: tp
(17:11 / Allies) AsianPresident: make raiders
(17:16 / Allies) qqsauce: mkaing
(18:57 / Allies) AsianPresident: hit here
(18:58 / Allies) AsianPresident: green pink
(19:09 / Allies) AsianPresident: b
(19:09 / Allies) AsianPresident: b
(19:12 / Allies) AsianPresident: go
(19:24 / Allies) OnE.A: b
(19:24 / Allies) OnE.A: b
(21:50 / Allies) AsianPresident: hall